 Dungeon Crawl Stone Soup version 0.20-a0-513-g02c11fc (webtiles) character file.

286 Kaname the Charmwright (level 6, 16/44 HPs)
             Began as a Demonspawn Skald on Jan 23, 2017.
             Quit the game on level 4 of the Dungeon.
             The game lasted 00:08:32 (3093 turns).

Kaname the Charmwright (Demonspawn Skald)           Turns: 3093, Time: 00:08:33

Health: 16/44      AC:  6    Str: 11    XL:     6   Next: 8%
Magic:  1/10       EV: 12    Int: 16    God:
Gold:   191        SH:  0    Dex: 13    Spells: 3/11 levels left

rFire    . . .     SeeInvis .   a - +0 spear
rCold    . . .     Gourm    .   x - +1 robe of Usuwuis {rElec}
rNeg     . . .     Faith    .   (no shield)
rPois    .         Spirit   .   s - +0 helmet
rElec    +         Reflect  .   (no cloak)
rCorr    .         Harm     .   (no gloves)
MR       .....                  (no boots)
Stlth    +.........             (no amulet)
Regen    1.2/turn               (no ring)
                                (no ring)

@: mildly poisoned (16 -> 15), infused
A: talons 1, iridescent scales 1, demonic guardian 1, powered by death 1
a: no special abilities


You were on level 4 of the Dungeon.
You were not hungry.

You visited 1 branch of the dungeon, and saw 4 of its levels.

You collected 191 gold pieces.

Inventory:

Hand Weapons
 a - a +0 spear (weapon)
Missiles
 l - a throwing net (quivered)
Armour
 s - a +0 helmet (worn)
 x - the +1 robe of Usuwuis (worn) {rElec}
   (You found it on level 4 of the Dungeon)

   It insulates you from electricity.
Scrolls
 j - 2 scrolls of amnesia
 o - a scroll of immolation {unknown}
 q - a scroll of magic mapping {unknown}
 t - a scroll of enchant weapon {unknown}
 u - a scroll of noise {unknown}
 v - a scroll of fear {unknown}
Potions
 b - a potion of might
 g - 2 potions of heal wounds
 h - a potion of magic {unknown}
 k - a potion of lignification {unknown}
 r - a potion of brilliance
Books
 c - a book of Battle

   Spells                             Type                      Level
   a - Infusion                       Charms                       1
   b - Shroud of Golubria             Charms/Translocation         2
   c - Song of Slaying                Charms                       2
   d - Spectral Weapon                Hexes/Charms                 3
   e - Regeneration                   Charms/Necromancy            3
Comestibles
 d - 6 bread rations
 f - a meat ration
 n - 2 fruits
 p - a royal jelly
 w - 5 chunks of flesh


   Skills:
 - Level 2.0 Fighting
 - Level 4.0 Polearms
 - Level 0.8 Armour
 - Level 1.7 Dodging
 - Level 3.2 Spellcasting
 + Level 4.2 Charms


You had 3 spell levels left.
You knew the following spells:

 Your Spells              Type           Power        Failure   Level  Hunger
a - Infusion              Chrm           ###.         3%          1    None
b - Song of Slaying       Chrm           ###.....     6%          2    ##.....
c - Shroud of Golubria    Chrm/Tloc      #.........   14%         2    ##.....
d - Regeneration          Chrm/Necr      #.........   28%         3    ###....


Dungeon Overview and Level Annotations

Branches:
Dungeon (4/15)
 Temple: D:4-7

Altars:
Gozag


Innate Abilities, Weirdness & Mutations

You have sharp toenails.
You are partially covered in iridescent scales. (AC +2)
A weak demonic guardian rushes to your aid.
You regenerate a little health from kills.


Message History

You barely miss the worker ant.
You claw the worker ant, but do no damage.
The worker ant is severely wounded.
You feel sick. The worker ant bites you.
You hit the worker ant.
You claw the worker ant, but do no damage.
The worker ant is almost dead.
The worker ant bites you.
You are more poisoned.
The worker ant poisons you!
You hit the worker ant.
You kill the worker ant!
You have reached level 6!
Your experience leads to an increase in your attributes!
Increase (S)trength, (I)ntelligence, or (D)exterity?
You feel clever.
Your demonic ancestry asserts itself...
Iridescent scales grow over part of your body.
You feel sick.
Unknown command.
Are you sure you want to abandon this character and quit the game? (Confirm with "yes".)

#...# #.#..#.
#...
#...####.#...#
#...
##+........#.#.#
+...
..#....###.#...#
#... #.#....#
#.##..# #...
#.#....###.##..#
#...
#.#.#####.......
#..†##.#.###
#..#....
#@......#
#....#..
#.###.###
#..#.##> ...#
#.#####.......
###.#
#.#<......[###
#.# #...##...#.#
#.# #.#.##..##.#
[..............#
..#########.####
..#


There were no monsters in sight!

Vanquished Creatures
  An ogre (D:4)
  A hound (D:3)
  2 worker ants (D:4)
  Robin (D:3)
  5 adders
  A worm (D:2)
  2 dart slugs
  A leopard gecko (D:2)
  An orc (D:3)
  2 ball pythons
  5 giant cockroaches
  14 goblins
  17 hobgoblins
  5 jackals
  2 quokkas
  9 bats
  3 frilled lizards
  A kobold (D:3)
  6 rats
79 creatures vanquished.

Vanquished Creatures (collateral kills)
  An orc (D:3)
  A kobold (D:3)
2 creatures vanquished.

Grand Total: 81 creatures vanquished

Notes
Turn   | Place    | Note
-------+----------+-------------------------------------------
     0 | D:1      | Kaname the Demonspawn Skald began the quest for the Orb.
     0 | D:1      | Reached XP level 1. HP: 16/16 MP: 3/3
    24 | D:1      | Gained mutation: A weak demonic guardian rushes to your aid. [demonic ancestry]
    24 | D:1      | Reached XP level 2. HP: 11/22 MP: 1/5
   353 | D:1      | Learned a level 2 spell: Song of Slaying
   356 | D:1      | Learned a level 2 spell: Shroud of Golubria
   846 | D:2      | Found a faded altar of an unknown god.
   854 | D:2      | Gained mutation: You regenerate a little health from kills. [demonic ancestry]
   854 | D:2      | Reached XP level 3. HP: 13/27 MP: 0/6
  1511 | D:2      | Reached XP level 4. HP: 30/33 MP: 7/7
  2198 | D:3      | Noticed Robin
  2218 | D:3      | Gained mutation: You have sharp toenails. [demonic ancestry]
  2218 | D:3      | Reached XP level 5. HP: 31/38 MP: 6/8
  2230 | D:3      | Killed Robin
  2266 | D:3      | Learned a level 3 spell: Regeneration
  2297 | D:3      | Found an opulent altar of Gozag.
  3004 | D:4      | Got a crude robe
  3019 | D:4      | Identified the +1 robe of Usuwuis {rElec} (You found it on level 4 of the Dungeon)
  3038 | D:4      | Noticed an ogre
  3045 | D:4      | Killed an ogre
  3092 | D:4      | Gained mutation: You are partially covered in iridescent scales. (AC +2) [demonic ancestry]
  3092 | D:4      | Reached XP level 6. HP: 16/44 MP: 1/10
  3093 | D:4      | Quit the game

Vault maps used:
D:1:      ncdulo_lavacross, feat_on_display
D:2:      chequers_ecumenical_altar_simple
D:3:      first_bread, hangedman_decor_riveting, grunt_gozag_breadcrumbs,
          uniq_robin
D:4:      grunt_temple_overflow_opulence

Skill      XL: |  1  2  3  4  5 |
---------------+----------------+-----
Polearms       | 2 3 4 |  4.0
Charms         | 3 4 |  4.2
Spellcasting   | 3 |  3.2
Fighting       | |  2.0
Armour         | |  0.8
Dodging        | |  1.7

Action                   |  1- 3 |  4- 6 || total
-------------------------+-------+-------++-------
Melee: Spear             |   140 |   213 ||   353
       Kick              |       |    23 ||    23
 Cast: Infusion          |     6 |     6 ||    12
       Song of Slaying   |       |     1 ||     1
  Use: Scroll            |       |     6 ||     6
  Eat: Chunk             |     2 |     6 ||     8
Armor: Leather armour    |    33 |    26 ||    59
       Robe              |       |     2 ||     2
Dodge: Dodged            |    74 |    91 ||   165
